 Dungeon Crawl Stone Soup version 0.22-a0-126-g307c7c3 (webtiles) character file.

135 tilp the Poker (level 5, -9/35 HPs)
             Began as a Merfolk Ice Elementalist on Jan 30, 2018.
             Killed by divine providence
             ... invoked by an orc priest
              (10 damage)
             ... on level 4 of the Dungeon.
             The game lasted 00:07:45 (3725 turns).

tilp the Poker (Merfolk Ice Elementalist)           Turns: 3725, Time: 00:07:45

Health: -9/35      AC:  4    Str:  9    XL:     5   Next: 18%
Magic:  0/8        EV: 12    Int: 15    God:
Gold:   145        SH:  0    Dex: 14    Spells: 5/8 levels left

rFire    . . .     SeeInvis .   d - +0 spear
rCold    . . .     Gourm    .   (no shield)
rNeg     . . .     Faith    .   u - +0 leather armour
rPois    .         Spirit   .   o - +0 helmet
rElec    .         Reflect  .   (no cloak)
rCorr    .         Harm     .   (no gloves)
MR       .....                  (no boots)
Stlth    ++........             (no amulet)
HPRegen  0.11/turn              (no ring)
MPRegen  0.11/turn              (no ring)

@: no status effects
A: change form in water, swift swim, stealthy swim
a: no special abilities


You were on level 4 of the Dungeon.
You were very hungry.

You visited 1 branch of the dungeon, and saw 4 of its levels.

You collected 145 gold pieces.

Inventory:

Hand Weapons
 d - a +0 spear (weapon)
Missiles
 y - 6 tomahawks (quivered)
Armour
 a - a +0 robe
 m - a +0 buckler
 o - a +0 helmet (worn)
 u - a +0 leather armour (worn)
Jewellery
 l - a +1 ring of evasion {unknown}
 v - an uncursed amulet of magic regeneration {unknown}
 w - a +2 ring of strength {unknown}
Wands
 z - a wand of random effects (27)
Scrolls
 e - 6 scrolls of remove curse
 j - a scroll of identify {unknown}
 k - a scroll of fear {unknown}
 n - 2 scrolls of blinking {unknown}
 r - 4 scrolls of teleportation
 x - a scroll of noise {unknown}
Potions
 f - a potion of curing {unknown}
 h - a potion of invisibility {unknown}
 p - a potion of flight {unknown}
 q - a potion of degeneration {unknown}
 s - a potion of heal wounds {unknown}
Books
 b - a book of Frost

   Spells                             Type                      Level
   a - Freeze                         Ice                          1
   b - Throw Frost                    Conjuration/Ice              2
   c - Ozocubu's Armour               Charms/Ice                   3
   d - Throw Icicle                   Conjuration/Ice              4
   e - Summon Ice Beast               Ice/Summoning                4
Comestibles
 c - 6 rations


   Skills:
 - Level 6.0 Polearms
 - Level 2.6 Dodging
 - Level 2.1 Stealth
 - Level 2.0 Spellcasting
 - Level 0.7 Conjurations
 + Level 4.1 Ice Magic


You had 5 spell levels left.
You knew the following spells:

 Your Spells              Type           Power        Failure   Level  Hunger
a - Freeze                Ice            ##..         6%          1    #......
b - Throw Frost           Conj/Ice       #.....       17%         2    ###....


Dungeon Overview and Level Annotations

Branches:
Dungeon (4/15)
 Temple: D:4-7

Altars:


Message History

Casting: Freeze (safe; 6% risk of failure)
Confirm with . or Enter, or press ? or * to list all spells.
Aiming: Freeze (safe; 6% risk of failure)
Press: ? - help, Shift-Dir - straight line, f/p - orc priest
Aim: an orc priest, wielding a flail (lightly wounded)
You freeze the orc priest.
The orc priest is heavily wounded.
The orc priest invokes the aid of Beogh against you.
Beogh smites you!
* * * LOW HITPOINT WARNING * * *
Casting: Freeze (safe; 6% risk of failure)
Confirm with . or Enter, or press ? or * to list all spells.
Aiming: Freeze (safe; 6% risk of failure)
Press: ? - help, Shift-Dir - straight line, f/p - orc priest
Aim: an orc priest, wielding a flail (heavily wounded)
You freeze the orc priest.
The orc priest is severely wounded.
The orc priest invokes the aid of Beogh against you.
Beogh smites you!
You die...

≈.........# ....>.....#..
≈.........# ..........#.#
..........# ............#
..........# .....s......#
..........# .........(..#
.....>.((.####.oo.........#
##########......o......#...
#o####.########... #@# #.#
#...# #.# #. #..#.. #.# #.
#.#### #.# #.## #.. ####.#
#..# #.# #....#####.####.#
#<..##..........#
#..............#####
#...##.......(.....##


You could see an orc priest.

Vanquished Creatures
  5 adders
  An ooze (D:3)
  An adder skeleton (D:4)
  A worm (D:2)
  2 dart slugs
  2 leopard geckos
  8 orcs
  2 ball pythons
  6 giant cockroaches
  9 hobgoblins
  2 quokkas
  3 bats
  5 frilled lizards
  7 goblins
  6 kobolds
  8 rats
68 creatures vanquished.

Notes
Turn   | Place    | Note
-------+----------+-------------------------------------------
     0 | D:1      | tilp the Merfolk Ice Elementalist began the quest for the Orb.
     0 | D:1      | Reached XP level 1. HP: 13/13 MP: 3/3
   431 | D:1      | Reached XP level 2. HP: 7/19 MP: 1/5
   435 | D:1      | Learned a level 2 spell: Throw Frost
   870 | D:1      | Reached skill level 1 in Polearms
  1376 | D:2      | Reached skill level 2 in Polearms
  1387 | D:2      | Reached XP level 3. HP: 20/24 MP: 0/6
  1402 | D:2      | Reached skill level 3 in Polearms
  1830 | D:2      | Found a faded altar of an unknown god.
  2259 | D:2      | Reached skill level 4 in Polearms
  2464 | D:3      | Reached XP level 4. HP: 30/30 MP: 4/7
  2770 | D:3      | Reached skill level 5 in Polearms
  3035 | D:3      | Reached XP level 5. HP: 30/35 MP: 5/8
  3716 | D:4      | Reached skill level 6 in Polearms
  3724 | D:4      | HP: 1/35 [orc priest/divine providence (11)]
  3725 | D:4      | Killed from afar by an orc priest

Vault maps used:
D:1:      roderic_chinese_lattice_arrival
D:2:      chequers_ecumenical_altar_simple, st_stairs_5,
          kennysheep_generic_room_16
D:4:      cheibrodos_quashed, serial_bayou_ford_a, uniq_crazy_yiuf_cottage

Skill      XL: |  1  2  3  4  5 |
---------------+----------------+-----
Ice Magic      | 4 |  4.1
Polearms       | 2 4 5 6 |  6.0
Dodging        | |  2.6
Stealth        | |  2.1
Spellcasting   | |  2.0
Conjurations   | |  0.7

Action                   |  1- 3 |  4- 6 || total
-------------------------+-------+-------++-------
Melee: Spear             |   139 |    74 ||   213
Throw: Stone             |       |     5 ||     5
 Cast: Freeze            |    30 |    38 ||    68
       Throw Frost       |       |     1 ||     1
  Use: Scroll            |       |     2 ||     2
 Stab: Sleeping          |     7 |     2 ||     9
  Eat: Chunk             |     5 |     4 ||     9
Armor: Robe              |    17 |       ||    17
       Leather armour    |       |    14 ||    14
Dodge: Dodged            |   104 |    53 ||   157

Table legend:
 A = Spawn XP
 B = Non-spawn XP
 C = Spawn XP percentage of total XP
 D = Spawn monster count
 E = Non-spawn monster count
 F = Spawn count percentage of total count
 G = Total turns spent on level
                    A         B        C        D         E        F      G
               +---------+---------+-------+---------+---------+-------+---------
         Total |       0 |     193 |   0.0 |       0 |      68 |   0.0 |  3725
               +---------+---------+-------+---------+---------+-------+---------
           D:1 |       0 |      27 |   0.0 |       0 |      19 |   0.0 |  1617
           D:2 |       0 |      50 |   0.0 |       0 |      20 |   0.0 |   837
           D:3 |       0 |     102 |   0.0 |       0 |      25 |   0.0 |  1048
           D:4 |       0 |      14 |   0.0 |       0 |       4 |   0.0 |   223
               +---------+---------+-------+---------+---------+-------+---------
